 Dungeon Crawl Stone Soup version 0.26.1-11-gd32895ea62 (webtiles) character file.

Game seed: 9926359589428523358

79 Almogavar the Grave Robber (level 4, -5/34 HPs)
             Began as a Hill Orc Necromancer on May 25, 2021.
             Slain by a gnoll
             ... wielding a +0 halberd
              (8 damage)
             ... on level 2 of the Dungeon.
             The game lasted 00:07:47 (2762 turns).

Almogavar the Grave Robber (Hill Orc Necromancer)   Turns: 2762, Time: 00:07:48

Health: -5/34      AC:  3    Str:  7 (10) XL:     4   Next: 38%
Magic:  0/7        EV: 12    Int: 14 (16) God:
Gold:   77         SH:  0    Dex:  9 (11) Spells: 6/7 levels left

rFire    . . .     SeeInvis .   e - +0 hand axe
rCold    . . .     Faith    .   (no shield)
rNeg     . . .     Spirit   +   a - +0 robe
rPois    .         Reflect  .   q - +0 helmet
rElec    .         Harm     .   (no cloak)
rCorr    .         Rampage  .   (no gloves)
Will     .....                  (no boots)
Stlth    ++........             d - amulet of guardian spirit
HPRegen  0.11/turn              (no ring)
MPRegen  0.10/turn              (no ring)

@: no status effects
A: no striking features
a: no special abilities


You were on level 2 of the Dungeon.
You visited 1 branch of the dungeon, and saw 2 of its levels.

You collected 77 gold pieces.

Inventory:

Hand Weapons
 e - a +0 hand axe (weapon)
Armour
 a - a +0 robe (worn)
 b - a +0 leather armour
 l - a +0 ring mail
 q - a +0 helmet (worn)
Jewellery
 d - an amulet of guardian spirit (around neck)
Scrolls
 c - 2 scrolls of teleportation {unknown}
 f - 2 scrolls of enchant weapon {unknown}
 g - a scroll of identify {unknown}
 i - a scroll of amnesia {unknown}
 j - 2 scrolls of enchant armour {unknown}
Potions
 h - a potion of curing {unknown}
 k - 3 potions of degeneration
 m - a potion of invisibility {unknown}
 n - 2 potions of might {unknown}
 o - a potion of mutation {unknown}
 p - a potion of magic {unknown}
 r - a potion of haste {unknown}


   Skills:
 + Level 0.3 Fighting
 + Level 0.2 Axes
 + Level 1.7 Dodging
 - Level 1.8 Stealth
 + Level 2.3 Spellcasting
 + Level 4.8 Necromancy


You had 6 spell levels left.
You knew the following spells:

 Your Spells              Type           Power        Failure   Level
a - Pain                  Necr           60%          3%          1

Your spell library contained the following spells:

 Spells                   Type           Power        Failure   Level
 Animate Skeleton         Necr           30%          3%          1
 Vampiric Draining        Necr           7%           10%         3
 Animate Dead             Necr           7%           30%         4
 Agony                    Necr           15%          65%         5


Dungeon Overview and Level Annotations

Branches:
Dungeon (2/15)

Altars:


Message History

The gnoll hits you from afar with a +0 halberd!
You hit the gnoll.
The gnoll is severely wounded.
The gnoll barely misses you. x2; The gnoll hits you.
You slash the gnoll!
You kill the gnoll!
The gnoll closely misses you.
Casting: Pain (safe; 2% risk of failure)
Confirm with . or Enter, or press ? or * to list all spells.
Aiming: Pain (safe; 2% risk of failure)
Press: ? - help, Shift-Dir - straight line, f - gnoll
Aim: a gnoll, wielding a +0 halberd (chance to affect: 82%)
The gnoll writhes in agony.
The gnoll hits you from afar with a +0 halberd!
* * * LOW HITPOINT WARNING * * *
It was a potion of degeneration.
There was something very wrong with that liquid.
You feel weakened.
You feel dopey.
You feel clumsy.
The gnoll hits you from afar with a +0 halberd!
You die...

###).#
#.###.# #.
.((..# #.#
#.# .###
###.## #.#
#.# ..#
..#.####.#
#.# #)#
#.#......#
#.# #.#
..########
#.# #.# ###
#.##### #.#
#.....# #.#
#####@# #.#
#.# #.#
#g#######.#
#.........#
#########.#
###


You could see a gnoll.

Vanquished Creatures
  2 gnolls (D:2)
  2 adders (D:2)
  A dart slug (D:2)
  A ball python (D:1)
  5 bats
  9 hobgoblins
  A quokka (D:2)
  6 goblins
  4 kobolds
  10 rats
41 creatures vanquished.

Notes
Turn   | Place    | Note
-------+----------+-------------------------------------------
     0 | D:1      | Almogavar the Hill Orc Necromancer began the quest for the
                  | Orb.
     0 | D:1      | Reached XP level 1. HP: 14/14 MP: 3/3
   447 | D:1      | Reached XP level 2. HP: 18/20 MP: 1/4
  1365 | D:2      | Reached XP level 3. HP: 21/26 MP: 3/5
  2515 | D:2      | Reached XP level 4. HP: 26/34 MP: 1/7
  2762 | D:2      | Slain by a gnoll

Illustrated notes

Levels and vault maps discovered:
D:1:      grunt_arrival_lava_bath, layout_loops_ring, st_stairs_5,
          minmay_octomino_j4
D:2:      layout_basic

Skill      XL: |  1  2  3 |
---------------+----------+-----
Spellcasting   | 2 |  2.3
Fighting       | |  0.3
Axes           | |  0.2
Dodging        | |  1.7
Stealth        | |  1.8
Necromancy     | |  4.8

Action                   |  1- 3 |  4- 6 || total
-------------------------+-------+-------++-------
Melee: Short sword       |     4 |       ||     4
       Hand axe          |    36 |     5 ||    41
 Cast: Pain              |    48 |     9 ||    57
  Use: Potion            |       |     1 ||     1
Armor: Robe              |     8 |       ||     8
Dodge: Dodged            |    36 |     6 ||    42
